 Dungeon Crawl Stone Soup version 0.28-a0-247-gb8bfbab023 (webtiles) character file.

Game seed: 6294422932939898904

42 Spaninq the Stinger (level 3, -5/28 HPs)
             Began as a Naga Venom Mage on Aug 26, 2021.
             Slain by a phantom (7 damage)
             ... on level 2 of the Dungeon.
             The game lasted 00:05:09 (1183 turns).

Spaninq the Stinger (Naga Venom Mage)               Turns: 1183, Time: 00:05:10

Health: -5/28      AC:  4    Str: 10    XL:     3   Next: 54%
Magic:  6/6        EV: 10    Int: 16    God:
Gold:   59         SH:  0    Dex: 11    Spells: 2/6 levels left

rFire   . . .      SeeInvis +   c - +1 spear (venom)
rCold   . . .      Faith    .   (no shield)
rNeg    . . .      Spirit   .   a - +0 robe
rPois   +          Reflect  .   b - +2 hat
rElec   .          Harm     .   (no cloak)
rCorr   .          Rampage  .   (no gloves)
Will    .....                   (no barding)
Stlth   +.........              (no amulet)
HPRegen 0.09/turn               h - ring of wizardry
MPRegen 0.10/turn               (no ring)

@: silenced, very slow
A: AC +1, large, see invisible, deformed body, poison resistance, slowness 2,
spit poison 1, naga tail 1
a: Spit Poison


You were on level 2 of the Dungeon.
You visited 1 branch of the dungeon, and saw 2 of its levels.

You collected 59 gold pieces.

Inventory:

Hand Weapons
 c - a +1 spear of venom (weapon)
Armour
 a - a +0 robe (worn)
 b - a +2 hat (worn)
Jewellery
 h - a ring of wizardry (left hand)
Scrolls
 d - a scroll of identify
 g - a scroll of teleportation {unknown}
Potions
 e - 2 potions of degeneration


   Skills:
 - Level 1.8 Dodging
 + Level 3.9 Stealth
 + Level 2.4 Spellcasting
 + Level 1.6 Transmutations
 + Level 4.4 Poison Magic


You had 2 spell levels left.
You knew the following spells:

 Your Spells              Type           Power      Damage    Failure   Level
a - Sting                 Tmut/Pois      44%        1d5       2%          1
b - Mephitic Cloud        Conj/Pois/Air  6%         N/A       13%         3

Your spell library contained the following spells:

 Spells                   Type           Power      Damage    Failure   Level
 Poisonous Vapours        Pois/Air       18%        N/A       4%          2
 Olgreb's Toxic Radiance  Pois           16%        N/A       13%         4


Dungeon Overview and Level Annotations

Branches:
Dungeon (2/15)

Altars:


Innate Abilities, Weirdness & Mutations

Your serpentine skin is tough. (AC +1)
You have supernaturally acute eyesight. (SInv)
Armour fits poorly on your strangely shaped body.
Your system is resistant to poisons. (rPois)
You cover ground very slowly.
You can spit poison.
You have a snake-like lower body.


Message History

h - a ring of wizardry (left hand) This spell is quite dangerous to cast!
Memorise Mephitic Cloud, consuming 3 spell levels and leaving 2?
You start memorising the spell.
You continue memorising. x3
You finish memorising.
Spell assigned to 'b'.
Found 15 gold pieces.
A quokka comes into view.
You hit the quokka.
The quokka is poisoned.
The quokka is moderately wounded.
The quokka bites you.
A phantom comes into view.
As you read the scroll labelled BECICY KAUTI, it crumbles to dust.
It is a scroll of identify.
e - 2 potions of degeneration
As you read the scroll labelled LAIZIMU AMIS, it crumbles to dust.
A profound silence engulfs you.
It was a scroll of silence.
The phantom hits you. The quokka bites you.
You hit the quokka.
You kill the quokka!
The phantom hits you!
The phantom blinks!
You blink.
An endoplasm comes into view.
Found 12 gold pieces.
The phantom hits you.
You see here 15 gold pieces.
You now have 59 gold pieces (gained 15).
The phantom hits you. The phantom hits you!
* * * LOW HITPOINT WARNING * * *
The phantom blinks!
You blink.
A rat comes into view.
The phantom barely misses you. The rat closely misses you.
The phantom hits you but does no damage.
The rat closely misses you.
You hit the rat.
You kill the rat!
The phantom hits you.
* * * LOW HITPOINT WARNING * * *
The phantom blinks!
You blink.
The phantom hits you!
You die...

## .# .# ###.# ##########.#
#§$$## .......†##.#
####§#..####
#######.##.#####.#........#
#.##.##......#.##.#... #
#.##.##...@...#.$#... #
#.#.......W..#.##J#..
#######.#..##......#.# # .
#...)...............#.
...............#...#.##
........#.####.........
#.#######.# ####.....## #
#.# ##....# #.# ##.#.#


You could see a phantom.

Vanquished Creatures
  A gnoll (D:1)
  3 ball pythons (D:1)
  4 endoplasms
  A giant cockroach (D:1)
  A goblin (D:1)
  2 hobgoblins (D:1)
  4 jackals (D:1)
  3 quokkas
  A bat (D:2)
  A frilled lizard (D:1)
  2 kobolds (D:1)
  5 rats
28 creatures vanquished.

Notes
Turn   | Place    | Note
-------+----------+-------------------------------------------
     0 | D:1      | Spaninq the Naga Venom Mage began the quest for the Orb.
     0 | D:1      | Reached XP level 1. HP: 15/15 MP: 3/3
    85 | D:1      | Reached XP level 2. HP: 14/22 MP: 1/5
   435 | D:1      | Reached XP level 3. HP: 28/28 MP: 6/6
  1165 | D:2      | Learned a level 3 spell: Mephitic Cloud
  1169 | D:2      | Noticed a phantom
  1183 | D:2      | Slain by a phantom

Illustrated notes

Levels and vault maps discovered:
D:1:      psy_arrival_wood_between_worlds, layout_basic
D:2:      layout_loops_ring, minmay_small_reverse_x

Action                   || total
-------------------------++-------
Melee: Spear             ||    17
 Cast: Sting             ||    16
 Abil: Spit Poison       ||    23
  Use: Scroll            ||     2
Armor: Robe              ||     5
Dodge: Dodged            ||    13

Table legend: (Time is in decaauts)
 A = Elapsed time spent in this place.
 B = Non-inter-level travel time spent in this place.
 C = Inter-level travel time spent in this place.
 D = Time resting spent in this place.
 E = Time spent auto-exploring this place.
 F = Levels seen in this place.
 G = Mean time per level.
                   A        B        C        D        E       F      G
               +--------+--------+--------+--------+--------+-----+--------+
         Total |   1490 |   1444 |     46 |      0 |   1211 |   2 |  745.0 |
       Dungeon |   1490 |   1444 |     46 |      0 |   1211 |   2 |  745.0 |
               +--------+--------+--------+--------+--------+-----+--------+

Top non-repeatable levels by time:
     D:1: 1376 daAuts
     D:2: 114 daAuts
